 Dungeon Crawl Stone Soup version 0.19-a0-262-g5df7875 (webtiles) character file.

32 Lugonue the Chiller (level 3, -2/22 HPs)
             Began as a High Elf Ice Elementalist on May 25, 2016.
             Slain by Natasha (7 damage)
             ... on level 2 of the Dungeon.
             The game lasted 00:05:32 (1341 turns).

Lugonue the Chiller (High Elf Ice Elementalist)     Turns: 1341, Time: 00:05:33

Health: -2/22      AC:  2    Str:  8    XL:     3   Next: 8%
Magic:  3/7        EV: 12    Int: 18    God:
Gold:   34         SH:  4    Dex: 16    Spells: 3 memorised, 1 level left

rFire  . . .     SeeInvis .     e - +0 dagger (drain)
rCold  . . .     Gourm    .     a - +0 robe
rNeg   . . .     Faith    .     f - +0 buckler
rPois  .         Spirit   .     (no helmet)
rElec  .         Dismiss  .     (no cloak)
rCorr  .         Reflect  .     (no gloves)
SustAt .         Harm     .     (no boots)
MR     .....                    (no amulet)
Stlth  ++........               (no ring)
                                (no ring)

@: very slightly contaminated, slowed, drained, very slow, not resistant to
hostile enchantments, unstealthy
A: no striking features
a: no special abilities


You were on level 2 of the Dungeon.
You were not hungry.

You visited 1 branch of the dungeon, and saw 2 of its levels.

You collected 34 gold pieces.

Inventory:

Hand Weapons
 e - a +0 dagger of draining (weapon)
Armour
 a - a +0 robe (worn)
 f - a +0 buckler (worn)
Scrolls
 h - a scroll of amnesia
 l - a scroll of noise
 p - a scroll of fear
 q - a scroll of magic mapping {unknown}
Potions
 d - 2 potions of lignification {unknown}
 g - a potion of flight
 i - a potion of heal wounds {unknown}
 j - a potion of cure mutation {unknown}
 k - a potion of cancellation {unknown}
 m - a potion of invisibility {unknown}
 n - a potion of curing {unknown}
 o - a potion of brilliance {unknown}
Books
 b - a book of Frost

   Spells                             Type                      Level
   a - Freeze                         Ice                          1
   b - Throw Frost                    Conjuration/Ice              2
   c - Ozocubu's Armour               Charms/Ice                   3
   d - Throw Icicle                   Conjuration/Ice              4
   e - Summon Ice Beast               Ice/Summoning                4
Comestibles
 c - 2 chunks of flesh


   Skills:
 + Level 0.4(0.3) Fighting
 + Level 2.5 Dodging
 + Level 2.3 Stealth
 * Level 0.3(0.2) Shields
 + Level 2.6(2.5) Spellcasting
 + Level 1.1(1.0) Conjurations
 + Level 0.2 Charms
 + Level 3.6(3.5) Ice Magic


You had one spell level left.
You knew the following spells:

 Your Spells              Type           Power        Failure   Level  Hunger
a - Freeze                Ice            ##..         10%         1    #......
b - Throw Frost           Conj/Ice       ##....       21%         2    ##.....
c - Ozocubu's Armour      Chrm/Ice       #.......     47%         3    ###....


Dungeon Overview and Level Annotations

Branches:
Dungeon (2/15)

Altars:

Annotations:
D:2 Natasha


Message History

Aim: Natasha You freeze Natasha.
Natasha is lightly wounded.
Your icy armour evaporates.
Natasha closely misses you.
You barely miss Natasha.
Natasha is lightly wounded.
Natasha casts a spell at you.
You feel yourself slow down.
Casting: Freeze
Confirm with . or Enter, or press ? or * to list all spells.
Aiming: Freeze
Press: ? - help, Shift-Dir - straight line, f/p - Natasha
Aim: Natasha (lightly wounded)
You freeze Natasha.
Natasha is moderately wounded.
Natasha claws you!
* * * LOW HITPOINT WARNING * * *
Natasha claws you!
You die...

... #..#...# #..
##.#...################
....
.....................
..............<......
#...#..............# .
#.#........###)#.#.
...#.#.#.##........#
##..###.#.#.##..##.#..#
.......@#.#.##..##.#..#
##..##.h#.#.##.)##.#..#
# #..#.#.##..##.#..#
#..#.#. #..##.#..#
#..#.# #..##.#..#.
#..#.# #..##.#..#.
#..#.# #.......... ####
#......#.#..##
#..#.#.#.#..#


You could see Natasha.

Vanquished Creatures
  A dart slug (D:1)
  A giant gecko (D:1)
  A ball python (D:1)
  A giant cockroach (D:1)
  4 hobgoblins
  2 jackals (D:1)
  3 kobolds (D:1)
  5 bats (D:1)
  4 giant newts (D:1)
  3 goblins
  2 rats (D:1)
27 creatures vanquished.

Notes
Turn   | Place    | Note
--------------------------------------------------------------
     0 | D:1      | Lugonue the High Elf Ice Elementalist began the quest for the Orb.
     0 | D:1      | Reached XP level 1. HP: 11/11 MP: 4/4
   580 | D:1      | Reached XP level 2. HP: 14/17 MP: 6/6
   604 | D:1      | Learned a level 2 spell: Throw Frost
  1276 | D:2      | Reached XP level 3. HP: 16/21 MP: 7/7
  1282 | D:2      | Learned a level 3 spell: Ozocubu's Armour
  1324 | D:2      | Noticed Natasha
  1341 | D:2      | Slain by Natasha

Vault maps used:
D:1:      dpeg_arrival_yet_another_circle
D:2:      first_bread, ecumenical_altar_1, bloody_makhleb, uniq_robin,
          uniq_natasha, uniq_sigmund, uniq_jessica

Action                   || total
-------------------------++-------
Melee: Dagger            ||    75
 Cast: Freeze            ||    11
       Throw Frost       ||     3
       Ozocubu's Armour  ||     1
  Use: Scroll            ||     8
  Eat: Bread ration      ||     1
Armor: Robe              ||    21
Dodge: Dodged            ||    55
Block: Buckler           ||    16
